 Dungeon Crawl Stone Soup version 0.28-a0-991-g956f0ee3d5 (webtiles) character file.

Game seed: 4304953595151723218

83 Conn the Firebug (level 4, -3/27 HPs)
             Began as an Octopode Fire Elementalist on Dec 5, 2021.
             Slain by Sigmund (6 damage)
             ... on level 3 of the Dungeon.
             The game lasted 00:06:27 (3707 turns).

Conn the Firebug (Octopode Fire Elementalist)       Turns: 3707, Time: 00:06:27

Health: -3/27      AC:  1    Str:  7    XL:     4   Next: 44%
Magic:  1/7        EV: 13    Int: 19    God:
Gold:   81         SH:  0    Dex: 12    Spells: 1/8 levels left

rFire   . . .      SeeInvis .   g - +1 dagger (speed)
rCold   . . .      Faith    .   (no shield)
rNeg    . . .      Spirit   .   (helmet restricted)
rPois   .          Reflect  .   (no amulet)
rElec   .          Harm     .   (no ring)
rCorr   .          Rampage  .   (no ring)
Will    .....                   (no ring)
Stlth   +++.......              (no ring)
HPRegen 0.09/turn               (no ring)
MPRegen 0.10/turn               (no ring)
                                (no ring)
                                (no ring)

@: lethally poisoned (-3 -> -8), attractive
A: almost no armour, amphibious, 8 rings, camouflage 1, gelatinous body 1,
(nimble swimmer 1), tentacles
a: no special abilities


You were on level 3 of the Dungeon.
You visited 1 branch of the dungeon, and saw 3 of its levels.

You collected 81 gold pieces.

Inventory:

Hand Weapons
 g - a +1 dagger of speed (weapon)
Missiles
 l - 15 sling bullets
Scrolls
 a - a scroll of fog {unknown}
 b - a scroll of vulnerability {unknown}
 c - 2 scrolls of silence {unknown}
 e - a scroll of fear {unknown}
 h - 2 scrolls of amnesia {unknown}
 i - a scroll of enchant weapon {unknown}
 j - a scroll of immolation {unknown}
 n - 2 scrolls of teleportation {unknown}
 r - a scroll of magic mapping {unknown}
Potions
 d - a potion of attraction
 f - a potion of berserk rage {unknown}
 m - 2 potions of heal wounds {unknown}
 o - a potion of ambrosia {unknown}
 p - a potion of flight {unknown}
 s - a potion of might {unknown}


   Skills:
 + Level 0.3 Fighting
 + Level 0.6 Short Blades
 + Level 2.2 Dodging
 + Level 3.3 Stealth
 + Level 0.1 Unarmed Combat
 + Level 2.5 Spellcasting
 + Level 1.6 Conjurations
 + Level 3.8 Fire Magic


You had one spell level left.
You knew the following spells:

 Your Spells              Type           Power      Damage    Failure   Level
a - Foxfire               Conj/Fire      48%        2x1d6     5%          1
b - Conjure Flame         Conj/Fire      12%        6-21      16%         3
c - Inner Flame           Hex/Fire       9%         N/A       22%         3

Your spell library contained the following spells:

 Spells                   Type           Power      Damage    Failure   Level
 Scorch                   Fire           34%        2d6       4%          2
 Flame Wave               Conj/Fire      12%        2d5       45%         4
 Borgnjor's Revivificati  Necr           1%         N/A       100%        8
 Necromutation            Tmut/Necr      1%         N/A       100%        8
 Death's Door             Necr           1%         N/A       100%        9


Dungeon Overview and Level Annotations

Branches:
Dungeon (3/15)

Altars:
Ashenzari
Cheibriados
Fedhas
Uskayaw

Annotations:
D:3 Sigmund


Innate Abilities, Weirdness & Mutations

You cannot wear most types of armour.
You are amphibious.
You can wear up to eight rings at the same time.
Your skin changes colour to match your surroundings (Stealth+).
Your rubbery body absorbs attacks. (AC +1, EV +1)
((You are camouflaged near water. (Stealth+)))
You have tentacles for arms and can constrict up to eight enemies at once.


Message History

Press: ? - help, Q - select action, (/) - cycle Shift-Dir - straight line, f/p - Sigmund
Aim: Sigmund, wielding a +2 scythe of venom and wearing a +0 robe (moderately wounded, 52% to hit)
You throw a boomerang of dispersal. The hobgoblin shouts!
The boomerang of dispersal hits Sigmund.
Sigmund blinks!
Sigmund is moderately wounded.
Sigmund screams, "Don't try to resist!"
Your magical contamination has completely faded away.
Throw: throwing net
Press: ? - help, Q - select action, (/) - cycle Shift-Dir - straight line, f/p - Sigmund
Aim: Sigmund, wielding a +2 scythe of venom and wearing a +0 robe (moderately wounded, 52% to hit)
You throw a throwing net. The throwing net barely misses Sigmund.
Sigmund laughs darkly.
Sigmund barely misses you.
Throw: 2 boomerangs (disperse)
Press: ? - help, Q - select action, (/) - cycle Shift-Dir - straight line, f/p - Sigmund
Aim: Sigmund, wielding a +2 scythe of venom and wearing a +0 robe (moderately wounded, 52% to hit)
You throw a boomerang of dispersal.
The boomerang of dispersal barely misses Sigmund.
The boomerang of dispersal hits the hobgoblin.
The hobgoblin blinks!
Sigmund hits you from afar with a +2 scythe of venom!
You are poisoned.
Throw: boomerang (disperse)
Press: ? - help, Q - select action, (/) - cycle Shift-Dir - straight line, f/p - Sigmund
Aim: Sigmund, wielding a +2 scythe of venom and wearing a +0 robe (moderately wounded, 52% to hit)
You throw a boomerang of dispersal.
The boomerang of dispersal closely misses Sigmund.
You feel very sick.
Sigmund hits you from afar with a +2 scythe of venom!
* * * LOW HITPOINT WARNING * * *
* * * LOW HITPOINT WARNING * * *
You feel sick.
It was a potion of attraction.
You feel attractive to monsters.
* * * LOW HITPOINT WARNING * * *
You feel sick.
Sigmund hits you from afar with a +2 scythe of venom.
You die...

..# #.# .# # #[#
.. .# # #.# .#..#
## #.# .#..# ###.
#.# ####..........
#.# #....... ..# #
#@###...#####..# #
#..@.(#......#.###
#####.#....P.#....
#.#......+..##
#.#......+.. #
#.#..P...#.#
#.#......#.#
#.##.##†#..###
#.......†.....


You could see Sigmund.

Vanquished Creatures
  An adder (D:3)
  3 dart slugs
  8 orcs (D:3)
  9 bats
  5 endoplasms
  3 giant cockroaches
  5 goblins
  4 hobgoblins (D:1)
  2 quokkas (D:1)
  4 ball pythons
  2 frilled lizards
  4 kobolds
  2 rats
52 creatures vanquished.

Vanquished Creatures (collateral kills)
  A foxfire (D:3)
1 creature vanquished.

Vanquished Creatures (others)
  145 foxfires
  4 plants (D:3)
149 creatures vanquished.

Grand Total: 202 creatures vanquished

Notes
Turn   | Place    | Note
-------+----------+-------------------------------------------
     0 | D:1      | Conn the Octopode Fire Elementalist began the quest for the
                  | Orb.
     0 | D:1      | Reached XP level 1. HP: 11/11 MP: 3/3
   108 | D:1      | Reached XP level 2. HP: 14/17 MP: 1/5
   839 | D:1      | Reached XP level 3. HP: 12/21 MP: 4/6
  2648 | D:3      | Found a broken altar of Ashenzari.
  2658 | D:3      | Found a blossoming altar of Fedhas.
  2999 | D:3      | Found a snail-covered altar of Cheibriados.
  3015 | D:3      | Reached XP level 4. HP: 12/27 MP: 1/7
  3380 | D:3      | Found a hide-covered altar of Uskayaw.
  3661 | D:3      | Noticed Sigmund
  3669 | D:3      | Learned a level 3 spell: Conjure Flame
  3673 | D:3      | Learned a level 3 spell: Inner Flame
  3707 | D:3      | Slain by Sigmund

Illustrated notes

Levels and vault maps discovered:
D:1:      erik_arrival_blinker_ship, layout_loops_ring
D:2:      layout_basic, minmay_circle_x
D:3:      cheibrodos_old_hovel, layout_loops_ring,
          grunt_temple_overflow_bloody_war, mainiacjoe_overflow_brackets,
          grunt_gozag_breadcrumbs, overflow_temple_1_default,
          cheibriados_altar_1, ashenzari_conservatory_becter, minmay_between,
          uniq_sigmund

Skill      XL: |  1  2  3 |
---------------+----------+-----
Stealth        | 3 |  3.3
Fighting       | |  0.3
Short Blades   | |  0.6
Dodging        | |  2.2
Unarmed Combat | |  0.1
Spellcasting   | |  2.5
Conjurations   | |  1.6
Fire Magic     | |  3.8

Action                   |  1- 3 |  4- 6 || total
-------------------------+-------+-------++-------
Melee: Unarmed           |    21 |       ||    21
       Tentacles         |     9 |     6 ||    15
       Constrict         |    13 |     9 ||    22
       Dagger            |    16 |    34 ||    50
Throw: Boomerang         |       |     6 ||     6
       Throwing net      |       |     1 ||     1
 Cast: Foxfire           |    76 |    19 ||    95
       Inner Flame       |       |     1 ||     1
  Use: Potion            |       |     1 ||     1
 Stab: Sleeping          |     4 |       ||     4
Armor: Skin              |     2 |     2 ||     4
Dodge: Dodged            |    27 |    20 ||    47

Table legend: (Time is in decaauts)
 A = Elapsed time spent in this place.
 B = Non-inter-level travel time spent in this place.
 C = Inter-level travel time spent in this place.
 D = Time resting spent in this place.
 E = Time spent auto-exploring this place.
 F = Levels seen in this place.
 G = Mean time per level.
                   A        B        C        D        E       F      G
               +--------+--------+--------+--------+--------+-----+--------+
         Total |   3691 |   3638 |     53 |      0 |   3024 |   3 | 1230.3 |
       Dungeon |   3691 |   3638 |     53 |      0 |   3024 |   3 | 1230.3 |
               +--------+--------+--------+--------+--------+-----+--------+

Top non-repeatable levels by time:
     D:1: 1544 daAuts
     D:3: 1125 daAuts
     D:2: 1021 daAuts
